 Dungeon Crawl Stone Soup version 0.30-a0-782-ge64f9170bb (webtiles) character file.

Game seed: 7196104257312037035

27727 Bnni the Spear-Bearer (level 13, -3/159 HPs)
             Began as a Demonspawn Fighter on Feb 22, 2023.
             Was a High Priest of Okawaru.
             Slain by Rupert
             ... wielding a +4 great sword of distortion
              (29 damage)
             ... on level 13 of the Dungeon.
             The game lasted 00:28:07 (14471 turns).

Bnni the Spear-Bearer (Demonspawn Fighter)         Turns: 14471, Time: 00:28:08

Health: -3/159     AC: 28    Str: 21    XL:     13   Next: 5%
Magic:  15/21      EV:  7    Int: 13    God:    Okawaru [*****.]
Gold:   740        SH: 13    Dex: 12    Spells: 9/12 levels left

rFire   . . .      SeeInvis +    a - +4 trident (freeze)
rCold   . . .      Faith    .    y - +0 kite shield
rNeg    . . .      Spirit   .    x - +0 plate armour
rPois   .          Reflect  .    C - +1 helmet {SInv}
rElec   .          Harm     .    (cloak unavailable)
rCorr   .          Rampage  .    B - +2 pair of gloves
Will    .....                    I - +0 pair of boots Stlth
                                 (no amulet)
HPRegen 0.46/turn                f - +4 ring of protection
MPRegen 0.17/turn                o - +4 ring of protection

@: berserking, heroic, invisible, very quick
A: (demonic guardian 2), big brain 1, demonic magic 1, weakness stinger 3
a: Renounce Religion, Heroism, Finesse, Duel


You were on level 13 of the Dungeon.
You worshipped Okawaru.
Okawaru was extremely pleased with you.
You visited 3 branches of the dungeon, and saw 15 of its levels.

You collected 740 gold pieces.

Inventory:

Hand Weapons
 a - a +4 trident of freezing (weapon)
 e - a +2 spear of venom
Missiles
 g - 8 javelins
 D - 2 curare-tipped darts (quivered)
 R - 8 poisoned darts
Armour
 x - a +0 plate armour (worn)
 y - a +0 kite shield (worn)
 B - a +2 pair of gloves (worn)
 C - a +1 helmet of see invisible (worn)
 I - a +0 pair of boots (worn)
Jewellery
 f - a +4 ring of protection (left hand)
 j - a +5 ring of evasion
 o - a +4 ring of protection (right hand)
 w - a ring of poison resistance
 E - a ring of resist corrosion
 G - a ring of ice
 H - a ring of see invisible
Wands
 m - a wand of paralysis (11)
 p - a wand of flame (11)
 z - a wand of mindburst (15)
 J - a wand of roots (10)
Scrolls
 b - a scroll of enchant armour {unknown}
 i - 8 scrolls of teleportation
 k - a scroll of torment {unknown}
 l - 3 scrolls of amnesia
 n - a scroll of fog {unknown}
 s - 2 scrolls of magic mapping {unknown}
 t - 8 scrolls of immolation {unknown}
 v - 3 scrolls of enchant weapon
 F - a scroll of blinking {unknown}
 K - a scroll of silence {unknown}
 P - a scroll of poison
 S - a scroll of fear {unknown}
Potions
 c - a potion of berserk rage
 d - 3 potions of might
 h - 2 potions of haste
 q - 7 potions of curing
 r - 4 potions of attraction
 A - a potion of flight
 M - a potion of magic
 N - a potion of heal wounds
 O - 4 potions of mutation
 Q - a potion of cancellation {unknown}
 T - a potion of ambrosia {unknown}


   Skills:
 + Level 11.0(16.0) Fighting
 * Level 13.6(18.6) Polearms
 - Level 2.6(7.6) Armour
 + Level 10.1(15.1) Shields
 + Level 10.7 Invocations


You had 9 spell levels left.
You knew the following spells:

 Your Spells              Type           Power      Damage    Failure   Level
d - Vhi's Electric Charg  Tloc/Air       0%         N/A       100%        3

Your spell library contained the following spells:

 Spells                   Type           Power      Damage    Failure   Level
 Sting                    Tmut/Pois      0%         1d3       100%        1
 Poisonous Vapours        Pois/Air       0%         N/A       100%        2
 Static Discharge         Conj/Air       0%         2-2/arc   100%        2
 Ozocubu's Armour         Ice            0%         N/A       100%        3
 Olgreb's Toxic Radiance  Pois           0%         N/A       100%        4
 Arcjolt                  Conj/Air       0%         1d10      100%        5
 Lightning Bolt           Conj/Air       0%         1d11      100%        5
 Metabolic Englaciation   Hex/Ice        0%         N/A       100%        5
 Summon Small Mammal      Summ           Unusable   N/A       N/A         1
 Call Canine Familiar     Summ           Unusable   N/A       N/A         3
 Summon Guardian Golem    Hex/Summ       Unusable   N/A       N/A         3
 Simulacrum               Ice/Necr       Unusable   N/A       N/A         6

Dungeon Overview and Level Annotations

Branches:
Dungeon (13/15)            Temple (1/1) D:7            Lair (1/5) D:11
    Orc (0/2) D:9
 Vaults: D:13-14

Altars:
Ashenzari
Cheibriados
Dithmenos
Fedhas
Gozag
Hepliaklqana
Kikubaaqudgha
Makhleb
Nemelex Xobeh
Okawaru
Qazlal
Ru
Sif Muna
Trog
Uskayaw
Vehumet
Wu Jian
Xom
Yredelemnul
Jiyva

Shops:
D:2 =   D:4 [

Portals:
Trove: D:13 (give 13 potions of heal wounds)

Annotations:
D:13 Rupert


Innate Abilities, Weirdness & Mutations

((A demonic guardian rushes to your aid.))
You have an unusually large brain. (Int +2)
Spells you cast may paralyse adjacent enemies.
You have a sharp stinger which inflicts weakening toxins.


Message History

Here: Rupert, wielding a +4 great sword of distortion and wearing a +0 ring mail (lightly wounded, berserk, poisoned)
The floor.
You fade into invisibility!
Rupert hits you with a +4 great sword of distortion!
Space warps horribly around you!
A cyclops comes into view.
You puncture Rupert! You freeze Rupert. You tail-slap Rupert, but do no damage.
Rupert is lightly wounded.
You block Rupert's attack.
You puncture Rupert! You freeze Rupert.
Rupert is moderately wounded.
You block Rupert's attack.
You hit Rupert but do no damage.
Rupert is moderately wounded.
You hit Rupert but do no damage.
Rupert is moderately wounded.
Rupert hits you with a +4 great sword of distortion!!
* * * LOW HITPOINT WARNING * * *
You blink.
Aiming: Fastroot
Press: ? - help, Shift-Dir - straight line, f/p - Rupert
Aim: Rupert, wielding a +4 great sword of distortion and wearing a +0 ring mail (moderately wounded, berserk, unable to see you, poisoned)
The roots erupt in riotous growth!
Roots grab Rupert.
The grasping roots constrict Rupert!
Rupert struggles to escape constriction.
Aiming: Throw Flame
Press: ? - help, Shift-Dir - straight line, f/p - Rupert
Aim: Rupert, wielding a +4 great sword of distortion and wearing a +0 ring mail (moderately wounded, berserk, unable to see you, poisoned, constricted by roots, 100% to hit)
The puff of flame hits Rupert.
Rupert is moderately wounded.
The grasping roots constrict Rupert.
Rupert looks more healthy.
The roots release their grip on Rupert.
You puncture Rupert! You freeze Rupert.
Rupert is heavily wounded.
Okay, then.
A red film seems to cover your vision as you go berserk!
Your finesse ends abruptly.
You feel yourself moving faster!
You feel mighty!
Rupert hits you with a +4 great sword of distortion!!
You die...

## #[#
#..## #..##
#...##
#.@@.##
##../ยง##
#.....#
####
#..#...#
...##
##.##...#
....###
#..#.C..#
......##
#..##....#
.......#
#..###((...
.......#
##..# #....


You could see Rupert (berserk, unable to see you) and a cyclops (unable to see
you).

Vanquished Creatures
  Snorg (D:11)
  Josephine (D:11)
  An ogre mage (D:12)
  Erica (D:8)
  2 centaur warriors
  A catoblepas (D:11)
  5 two-headed ogres
  Urug (D:13)
  7 death yaks (D:11)
  3 slime creatures
  A deep elf pyromancer (D:12)
  2 cyclopes
  2 manticores
  An ugly thing (D:12)
  Maurice (D:12)
  2 gargoyles
  3 komodo dragons
  3 trolls (D:11)
  3 meliai (D:13)
  A hornet (D:10)
  Grinder (D:4)
  3 shadows (D:9)
  2 wyverns
  5 wraiths
  12 yaks
  A basilisk (D:13)
  2 steam dragons
  5 acid dragons
  3 water moccasins
  A black bear (D:7)
  An orc warrior (D:9)
  2 ice beasts
  12 centaurs
  4 ogres (D:12)
  2 phantoms
  2 kobold brigands
  4 bullfrogs
  2 gnoll sergeants
  A necrophage (D:7)
  4 scorpions
  7 wights
  7 howler monkeys
  A quasit (D:6)
  3 hounds
  8 jellies
  6 orc priests
  2 gnoll boudas
  Jessica (D:2)
  4 iguanas
  12 orc wizards
  Natasha (thrice) (D:2)
  8 ogre zombies (D:9)
  21 gnolls
  4 adders
  2 shadow imps (D:5)
  4 white imps
  3 ufetubi (D:6)
  A worm (D:2)
  A dart slug (D:3)
  35 orcs
  6 bats
  7 endoplasms
  2 giant cockroaches
  8 goblins
  5 hobgoblins
  14 jackals
  3 quokkas
  8 ball pythons
  5 frilled lizards
  A goblin skeleton (D:9)
  3 goblin zombies (D:9)
  A hobgoblin skeleton (D:9)
  4 hobgoblin zombies (D:9)
  13 kobolds
  An orc skeleton (D:9)
  15 orc zombies (D:9)
  3 rats
343 creatures vanquished.

Notes
Turn   | Place    | Note
-------+----------+-------------------------------------------
     0 | D:1      | Bnni the Demonspawn Fighter began the quest for the Orb.
     0 | D:1      | Reached XP level 1. HP: 18/18 MP: 1/1
    55 | D:1      | Reached skill level 2 in Polearms
    68 | D:1      | Gained mutation: You have a small tail. [demonic ancestry]
    68 | D:1      | Reached XP level 2. HP: 17/24 MP: 2/2
   305 | D:1      | Reached XP level 3. HP: 29/29 MP: 3/3
   483 | D:1      | Found a faded altar of an unknown god.
   852 | D:2      | Found Xistyok's Jewellery Shoppe.
  1087 | D:2      | Noticed Jessica
  1092 | D:2      | Killed Jessica
  1093 | D:2      | Gained mutation: You have a tail ending in a sharp stinger.
                  | [demonic ancestry]
  1093 | D:2      | Reached XP level 4. HP: 35/35 MP: 4/4
  1282 | D:2      | Noticed Natasha
  1292 | D:2      | Killed Natasha
  1293 | D:2      | Reached skill level 3 in Polearms
  1359 | D:2      | Noticed Natasha
  1365 | D:2      | Killed Natasha
  1366 | D:2      | Gained mutation: Spells you cast may paralyse adjacent
                  | enemies. [demonic ancestry]
  1366 | D:2      | Reached XP level 5. HP: 42/42 MP: 5/5
  1840 | D:2      | Noticed Natasha
  1843 | D:2      | Killed Natasha
  2516 | D:3      | Found a hazy altar of Hepliaklqana.
  2659 | D:4      | Noticed Grinder
  2659 | D:4      | Found Wemoero's Armour Shop.
  2667 | D:3      | Reached skill level 4 in Polearms
  2771 | D:4      | Reached XP level 6. HP: 48/48 MP: 6/6
  2871 | D:4      | Killed Grinder
  2872 | D:4      | Reached skill level 5 in Polearms
  2872 | D:4      | Gained mutation: You have a sharp stinger which inflicts
                  | weakening toxins. [demonic ancestry]
  2872 | D:4      | Reached XP level 7. HP: 48/55 MP: 7/7
  3093 | D:4      | Reached skill level 5 in Fighting
  3358 | D:4      | Reached skill level 5 in Shields
  3635 | D:5      | Entered Level 5 of the Dungeon
  3640 | D:4      | Reached skill level 6 in Polearms
  3740 | D:4      | Reached XP level 8. HP: 9/63 MP: 8/8
  4695 | D:5      | Reached skill level 7 in Polearms
  4911 | D:6      | Reached XP level 9. HP: 65/71 MP: 9/9
  5235 | D:7      | Reached skill level 8 in Polearms
  5643 | D:7      | Learned a level 3 spell: Vhi's Electric Charge
  6010 | D:7      | Found a staircase to the Ecumenical Temple.
  6023 | Temple   | Entered the Ecumenical Temple
  6355 | Temple   | Became a worshipper of Warmaster Okawaru
  6830 | D:8      | Reached skill level 1 in Invocations
  7174 | D:8      | Reached skill level 9 in Polearms
  7432 | D:8      | Noticed Erica
  7444 | D:8      | Killed Erica
  7444 | D:8      | Reached * piety under Okawaru
  7445 | D:8      | Gained mutation: A weak demonic guardian rushes to your
                  | aid. [demonic ancestry]
  7445 | D:8      | Reached XP level 10. HP: 45/80 MP: 10/12
  7702 | D:8      | Found a shimmering blue altar of Sif Muna.
  8047 | D:9      | Reached ** piety under Okawaru
  8504 | D:9      | Reached skill level 10 in Polearms
  8547 | D:9      | Reached *** piety under Okawaru
  8548 | D:9      | Reached skill level 5 in Invocations
  8708 | D:9      | Found a staircase to the Orcish Mines.
  8971 | D:10     | Entered Level 10 of the Dungeon
  9183 | D:10     | Noticed a two-headed ogre
  9194 | D:10     | Killed a two-headed ogre
  9194 | D:10     | Reached **** piety under Okawaru
  9565 | D:10     | Reached XP level 11. HP: 83/87 MP: 15/15
 10138 | D:11     | Noticed a centaur warrior
 10149 | D:11     | Killed a centaur warrior
 10150 | D:11     | Reached skill level 11 in Polearms
 10295 | D:11     | Noticed a catoblepas
 10333 | D:11     | Killed a catoblepas
 10521 | D:11     | Noticed Josephine
 10540 | D:11     | Killed Josephine
 10720 | D:11     | Noticed a death yak
 10720 | D:11     | Noticed a death yak
 10720 | D:11     | Noticed a death yak
 10722 | D:11     | Noticed a death yak
 10724 | D:11     | Noticed a death yak
 10732 | D:11     | Noticed a death yak
 10742 | D:11     | Noticed a death yak
 10745 | D:11     | Killed a death yak
 10757 | D:11     | Reached ***** piety under Okawaru
 10777 | D:11     | Killed a death yak
 10801 | D:11     | Killed a death yak
 10824 | D:11     | Killed a death yak
 10835 | D:11     | Killed a death yak
 10836 | D:11     | Reached skill level 12 in Polearms
 10859 | D:11     | Killed a death yak
 10872 | D:11     | Killed a death yak
 10873 | D:11     | Gained mutation: You have an unusually large brain. (Int
                  | +2) [demonic ancestry]
 10873 | D:11     | Reached XP level 12. HP: 66/97 MP: 12/18
 10888 | D:11     | Found a staircase to the Lair.
 11321 | D:11     | Noticed Snorg
 11336 | D:11     | Killed Snorg
 11337 | D:11     | Reached skill level 10 in Fighting
 11780 | Lair:1   | Entered Level 1 of the Lair of Beasts
 11917 | D:12     | Noticed a two-headed ogre
 11917 | D:12     | Noticed an ogre mage
 11919 | D:12     | Noticed a two-headed ogre
 11921 | D:12     | Noticed a two-headed ogre
 11926 | D:12     | Killed a two-headed ogre
 11940 | D:12     | Killed an ogre mage
 11940 | D:12     | Received a gift from Okawaru
 11952 | D:12     | Killed a two-headed ogre
 11961 | D:12     | Killed a two-headed ogre
 12404 | D:12     | Reached skill level 13 in Polearms
 12698 | D:12     | Noticed Maurice
 12712 | D:12     | Killed Maurice
 12713 | D:12     | Reached skill level 10 in Invocations
 12898 | D:12     | Noticed a two-headed ogre
 12912 | D:12     | Killed a two-headed ogre
 13047 | D:12     | Received a gift from Okawaru
 13293 | D:12     | Reached skill level 10 in Shields
 13521 | D:13     | Found a portal to a secret trove of treasure.
 13610 | D:13     | Noticed a centaur warrior
 13633 | D:13     | Killed a centaur warrior
 14240 | D:13     | Noticed Urug
 14241 | D:13     | Found a viscous altar of Jiyva.
 14273 | D:13     | Gained mutation: A demonic guardian rushes to your aid.
                  | [demonic ancestry]
 14273 | D:13     | Reached XP level 13. HP: 86/105 MP: 18/20
 14287 | D:13     | Killed Urug
 14454 | D:13     | Noticed Rupert
 14471 | D:13     | Slain by Rupert

Illustrated notes

Levels and vault maps discovered:
D:1:      dpeg_arrival_another_circle, layout_basic,
          hellmonk_ecumenical_altar_pennies_from_heaven
D:2:      layout_basic, serial_shops, nicolae_diamond_shop, uniq_natasha,
          uniq_jessica
D:3:      layout_basic, nzn_hepliaklqana_mist_gate, serial_bayou_pond_c,
          kennysheep_nondescript, minivault_23, kennysheep_crisscross
D:4:      layout_loops_ring, serial_shops, shop, uniq_grinder
D:5:      layout_loops_ring, moated_statue
D:6:      layout_gridville, serial_demonic, serial_demonic_a, serial_demonic_f,
          serial_demonic_c, serial_demonic_g
D:7:      layout_basic, minmay_temple_entry_poolview
D:8:      layout_gridville, led_sif_pool, uniq_erica
D:9:      layout_loops_ring, zombieorc2_lemuel, serial_bayou_pond_c
D:10:     layout_stronghold
D:11:     layout_grid_maze, dpeg_lair_monsters, uniq_josephine, uniq_snorg
D:12:     layout_basic, uniq_maurice
D:13:     layout_cave_pods, enter_trove_1, nicolae_benzene_ring, jiyva_altar_1,
          uniq_urug, uniq_rupert
Temple:   mainiacjoe_temple_big_plus
Lair:1:   layout_misc_corridors, grunt_forest_stairs_basic, grunt_megastairs_3,
          uniq_joseph, uniq_fannar, uniq_amaemon

Skill      XL: |  1  2  3  4  5  6  7  8  9 10 11 12 13 |
---------------+----------------------------------------+-----
Polearms       | 2 3 4 5 6 7 9 10 12 13 | 13.6
Shields        | 3 4 5 6 7 8 9 10 | 10.1
Fighting       | 4 5 6 7 8 9 10 11 | 11.0
Invocations    | 3 6 8 10 | 10.7
Armour         | |  2.6

Action                     |  1- 3 |  4- 6 |  7- 9 | 10-12 | 13-15 || total
---------------------------+-------+-------+-------+-------+-------++-------
  Melee: Trident           |   132 |   143 |   150 |   619 |    24 ||  1068
         Tailslap          |     9 |    14 |    59 |   159 |     5 ||   246
         Spear             |       |       |   318 |   300 |       ||   618
  Throw: Dart              |       |       |     1 |     8 |     1 ||    10
         Javelin           |       |       |       |       |     2 ||     2
 Invoke: Heroism           |       |       |       |     7 |     1 ||     8
         Finesse           |       |       |       |     3 |     1 ||     4
  Evoke: Wand              |       |    12 |     4 |       |     2 ||    18
    Use: Scroll            |       |       |     8 |     7 |       ||    15
         Potion            |       |       |     2 |       |     2 ||     4
 Armour: Scale mail        |    95 |    26 |       |       |       ||   121
         Chain mail        |       |    12 |       |       |       ||    12
         Plate armour      |       |    23 |   265 |   417 |     2 ||   707
  Dodge: Dodged            |    66 |    38 |    77 |   112 |       ||   293
  Block: Buckler           |    37 |    33 |    96 |   129 |       ||   295
         Kite shield       |       |       |       |    57 |     5 ||    62

Table legend: (Time is in decaauts)
 A = Elapsed time spent in this place.
 B = Non-inter-level travel time spent in this place.
 C = Inter-level travel time spent in this place.
 D = Time resting spent in this place.
 E = Time spent auto-exploring this place.
 F = Levels seen in this place.
 G = Mean time per level.
                   A        B        C        D        E       F      G
               +--------+--------+--------+--------+--------+-----+--------+
         Total |  14117 |  13604 |    513 |   1772 |   9330 |  15 |  941.1 |
       Dungeon |  13743 |  13310 |    433 |   1772 |   9078 |  13 | 1057.2 |
        Temple |    362 |    282 |     80 |      0 |    252 |   1 |  362.0 |
          Lair |     11 |     11 |      0 |      0 |      0 |   1 |   11.0 |
               +--------+--------+--------+--------+--------+-----+--------+

Top non-repeatable levels by time:
    D:11: 1641 daAuts
    D:12: 1573 daAuts
     D:8: 1180 daAuts
     D:9: 1170 daAuts
     D:4: 1159 daAuts
    D:10: 1078 daAuts
     D:2: 1068 daAuts
     D:7: 1010 daAuts
    D:13: 931 daAuts
     D:3: 864 daAuts
     D:1: 859 daAuts
     D:5: 834 daAuts
     D:6: 371 daAuts
  Temple: 362 daAuts
  Lair:1: 11 daAuts
